 Dungeon Crawl Stone Soup version 0.31-a0-965-g8a8ce12e04 (webtiles) character file.

Game seed: 14191867930105553701

55 IdlyInterested the Insei (level 3, -3/27 HPs)
             Began as a Demonspawn Gladiator on Oct 26, 2023.
             Slain by Crazy Yiuf
             ... wielding a +3 quarterstaff of chaos
              (18 damage)
             ... on level 2 of the Dungeon.
             The game lasted 00:06:35 (2102 turns).

IdlyInterested the Insei (Demonspawn Gladiator)     Turns: 2102, Time: 00:06:36

Health: -3/27      AC:  4    Str: 14    XL:     3   Next: 67%
Magic:  4/4        EV: 12    Int: 11    God:
Gold:   80         SH:  0    Dex: 14    Spells: 4/4 levels left

rFire   . . .        j - +0 dagger
rCold   . . .        (no shield)
rNeg    . . .        a - +0 leather armour
rPois   .            b - +0 helmet
rElec   .            (no cloak)
rCorr   .            (no gloves)
SInv    +            (no boots)
Will    .....        (no amulet)
Stlth   +            m - ring of see invisible
HPRegen 0.24/turn    h - ring of wizardry
MPRegen 0.09/turn

%: wizardry (x1)
@: no status effects
A: demonic magic 1
a: no special abilities


You were on level 2 of the Dungeon.
You visited 1 branch of the dungeon, and saw 2 of its levels.

You collected 80 gold pieces.

Inventory:

Hand Weapons
 j - a +0 dagger (weapon)
 p - a +0 short sword
Missiles
 c - a throwing net
 d - a javelin
 i - 31 stones (quivered)
Armour
 a - a +0 leather armour (worn)
 b - a +0 helmet (worn)
Magical Staves
 n - a staff of conjuration
Jewellery
 f - a ring of resist corrosion
 h - a ring of wizardry (right hand)
 m - a ring of see invisible (left hand)
Scrolls
 e - a scroll of summoning {unknown}
 g - 2 scrolls of enchant weapon {unknown}
 k - a scroll of fear {unknown}
 o - a scroll of identify {unknown}
 q - a scroll of noise {unknown}
 r - a scroll of poison {unknown}
 s - a scroll of blinking {unknown}
Potions
 l - a potion of lignification {unknown}


   Skills:
 - Level 2.3 Fighting
 * Level 1.7 Short Blades
 - Level 1.7 Throwing
 - Level 1.0 Armour
 - Level 2.6 Dodging
 - Level 1.0 Stealth
 - Level 2.6 Unarmed Combat
 - Level 1.0 Spellcasting
 * Level 0.4 Evocations


You had 4 spell levels left.
You didn't know any spells.
Your spell library contained the following spells:

 Spells                   Type           Power      Damage    Failure   Level
 Blink                    Tloc           0%         N/A       24%         2
 Ensorcelled Hibernation  Hex/Ice        0%         N/A       24%         2
 Passwall                 Tmut/Erth      0%         N/A       24%         2
 Frozen Ramparts          Ice            0%         1d1       41%         3
 Swiftness                Air            0%         N/A       41%         3
 Manifold Assault         Tloc           0%         N/A       80%         4
 Petrify                  Tmut/Erth      0%         N/A       80%         4
 Metabolic Englaciation   Hex/Ice        0%         N/A       98%         5


Dungeon Overview and Level Annotations

Branches:
Dungeon (2/15)

Altars:

Shops:
D:1 =[(*(

Annotations:
D:2 Crazy Yiuf


Innate Abilities, Weirdness & Mutations

Spells you cast may paralyse adjacent enemies.


Message History

There is an open door here.
There is an open door here.
Found a plate armour.
Found a hammer.
Found a runed translucent door.
Crazy Yiuf shouts!
j - a +0 dagger (weapon)
You open the door.
Crazy Yiuf cries, "Millenium!"
Throw: 3 throwing nets
Press: ? - help, Shift-Dir - straight line, f - Crazy Yiuf
Aim: Crazy Yiuf, wielding a +3 quarterstaff of chaos and wearing a +0 cloak (60% to hit)
You throw a throwing net. The throwing net hits Crazy Yiuf.
Crazy Yiuf is caught in the net!
Crazy Yiuf struggles against the net.
You hit Crazy Yiuf but do no damage.
Crazy Yiuf struggles against the net.
You hit Crazy Yiuf but do no damage.
Crazy Yiuf says, "Tosser broken agre!"
Crazy Yiuf struggles against the net.
You catch the helpless Crazy Yiuf completely off-guard!
You puncture Crazy Yiuf!
Crazy Yiuf is heavily wounded.
Crazy Yiuf struggles against the net.
You hit Crazy Yiuf.
Crazy Yiuf is heavily wounded.
Crazy Yiuf struggles against the net.
You hit Crazy Yiuf but do no damage.
Crazy Yiuf is heavily wounded.
You hit Crazy Yiuf.
Crazy Yiuf is heavily wounded.
Crazy Yiuf struggles against the net.
The net rips apart, and Crazy Yiuf comes free!
Throw: 2 throwing nets
Press: ? - help, Shift-Dir - straight line, f/p - Crazy Yiuf
Aim: Crazy Yiuf, wielding a +3 quarterstaff of chaos and wearing a +0 cloak (heavily wounded, 60% to hit)
You throw a throwing net.
The throwing net closely misses Crazy Yiuf.
Crazy Yiuf hits you with a +3 quarterstaff of chaos!
You convulse!!
Ouch! That really hurt!
You die...

#.##......#####....###
# #.###......# #....#
# ......###### ♣....♣
# #.###.# ### ♣♣...♣ #
..# #.# ##.# ♣♣.♣♣
#####.###..# ♣♣.♣
...##.##...# ♣.♣♣ ###
###### ......#....#
♣♣.♣ #.#####.....
......'....# ♣@♣♣
#...........
...####....# #g#
#....##.#### #..#
##...# ... ##...##.#
#. ##.# ##..# #...#
##.###.# #. #.# ##.#
#)(.# #.# #.# #> ##.#
### ##### #.# #.###.
...# #.# #..... #####
### #.# #####. ....#
##.## #.# #.


You could see Crazy Yiuf.

Vanquished Creatures
  An adder (D:2)
  A worm (D:2)
  2 dart slugs (D:1)
  5 ball pythons (D:1)
  6 bats
  7 endoplasms
  2 giant cockroaches (D:1)
  3 goblins
  2 hobgoblins
  A quokka (D:1)
  A frilled lizard (D:1)
  3 kobolds
34 creatures vanquished.

Notes
Turn   | Place    | Note
-------+----------+-------------------------------------------
     0 | D:1      | IdlyInterested the Demonspawn Gladiator began the quest for
                  | the Orb.
     0 | D:1      | Reached XP level 1. HP: 16/16 MP: 1/1
    18 | D:1      | Found Uklat's Antique Weapon Boutique.
    75 | D:1      | Found Arpham's General Store.
    90 | D:1      | Reached skill level 1 in Armour
   124 | D:1      | Gained mutation: Spells you cast may paralyse adjacent
                  | enemies. [demonic ancestry]
   124 | D:1      | Reached XP level 2. HP: 22/22 MP: 2/2
   282 | D:1      | Reached skill level 1 in Stealth
   401 | D:1      | Found Sowesar's Antique Weapon Shop.
   470 | D:1      | Reached skill level 1 in Short Blades
   634 | D:1      | Reached XP level 3. HP: 24/27 MP: 3/3
   650 | D:1      | Found Anatiank's Jewellery Shoppe.
   655 | D:1      | Found Welappef's Armour Shoppe.
  1327 | D:2      | Reached skill level 1 in Spellcasting
  2089 | D:2      | Found a runed translucent door.
  2090 | D:2      | Noticed Crazy Yiuf
  2102 | D:2      | Slain by Crazy Yiuf

Illustrated notes

Levels and vault maps discovered:
D:1:      heliophobic_arrival_glass_houses, layout_basic, serial_shops, shop,
          nicolae_shop_crystal, shop, nicolae_shop_getting_attention, shop,
          roderic_roman_lattice
D:2:      layout_loops_corners, uniq_crazy_yiuf_cottage

Skill      XL: |  1  2  3 |
---------------+----------+-----
Armour         | 1 |  1.0
Stealth        | 1 |  1.0
Short Blades   | 1 |  1.7
Spellcasting   | 1 |  1.0
Fighting       | |  2.3
Throwing       | |  1.7
Dodging        | |  2.6
Unarmed Combat | |  2.6
Evocations     | |  0.4

Action                     || total
---------------------------++-------
  Melee: Unarmed           ||    55
         Punch             ||     3
         Dagger            ||    98
         Short sword       ||    23
  Throw: Throwing net      ||     2
   Stab: Sleeping          ||     4
         Held in net/web   ||     1
 Armour: Leather armour    ||    91
  Dodge: Dodged            ||   120

Table legend: (Time is in decaauts)
 A = Elapsed time spent in this place.
 B = Non-inter-level travel time spent in this place.
 C = Inter-level travel time spent in this place.
 D = Time resting spent in this place.
 E = Time spent auto-exploring this place.
 F = Levels seen in this place.
 G = Mean time per level.
                   A        B        C        D        E       F      G
               +--------+--------+--------+--------+--------+-----+--------+
         Total |   2089 |   1954 |    135 |    327 |   1096 |   2 | 1044.5 |
       Dungeon |   2089 |   1954 |    135 |    327 |   1096 |   2 | 1044.5 |
               +--------+--------+--------+--------+--------+-----+--------+

Top non-repeatable levels by time:
     D:2: 1140 daAuts
     D:1: 948 daAuts
